 Dungeon Crawl Stone Soup version 0.24-a0-416-g56ce5178b7 (webtiles) character file.

Game seed: 3177054055549616476

88 Kuinu the Skirmisher (level 4, -6/41 HPs)
             Began as a Draconian Berserker on June 8, 2019.
             Was a Believer of Trog.
             Mangled by Sigmund
             ... wielding a +0 scythe
              (8 damage)
             ... on level 2 of the Dungeon.
             The game lasted 00:04:00 (1880 turns).

Kuinu the Skirmisher (Draconian Berserker)          Turns: 1880, Time: 00:04:01

Health: -6/41      AC:  6    Str: 20    XL:     4   Next: 29%
Magic:  4/4        EV: 13    Int:  7    God:    Trog [**....]
Gold:   153        SH:  0    Dex: 11    Spells: 3/3 levels left

rFire    + . .     SeeInvis .   a - +0 falchion
rCold    . . .     Gourm    .   (no shield)
rNeg     . . .     Faith    .   (armour unavailable)
rPois    .         Spirit   .   (helmet restricted)
rElec    .         Reflect  .   (no cloak)
rCorr    .         Harm     .   (no gloves)
MR       ++...                  h - +0 pair of boots (curse)
Stlth    +.........             (no amulet)
HPRegen  1.13/turn              f - ring of protection from fire
MPRegen  0.09/turn              (no ring)

@: berserk cooldown, regenerating, slowed, very slow
A: unfitting armour, cold-blooded, AC +5
a: Berserk, Trog's Hand, Renounce Religion


You were on level 2 of the Dungeon.
You worshipped Trog.
Trog was pleased with you.
You were not hungry.

You visited 1 branch of the dungeon, and saw 2 of its levels.

You collected 153 gold pieces.

Inventory:

Hand Weapons
 a - a +0 falchion (weapon)
Armour
 g - a +0 cloak
 h - a cursed +0 pair of boots (worn)
Jewellery
 f - a ring of protection from fire (left hand)
Potions
 c - 2 potions of flight
 e - a potion of curing
Comestibles
 b - 2 rations
 d - 3 chunks of flesh


   Skills:
 * Level 4.3 Fighting
 * Level 4.0 Long Blades
 + Level 3.1 Dodging


You had 3 spell levels left.
You didn't know any spells.
Your spell library was empty.

Dungeon Overview and Level Annotations

Branches:
Dungeon (2/15)

Altars:

Annotations:
D:2 Sigmund


Innate Abilities, Weirdness & Mutations

Your plain brown scales are hard. (AC +5)
You cannot fit into any form of body armour.
You are cold-blooded and may be slowed by cold attacks.


Message History

You feel yourself slow down. Something hits you.
You miss something. Something hits you but does no damage.
You barely miss something.
Your tail-slap misses something.
Something hits you.
You hit something but do no damage.
Your tail-slap misses something.
Something hits you!
You hit something. Something hits you but does no damage.
Your skin crawls.
You feel resistant to hostile enchantments.
You feel somewhat more hungry. Something hits you!
* * * LOW HITPOINT WARNING * * *
You barely miss something.
You feel the effects of Trog's Hand fading.
Something hits you!
* * * LOW HITPOINT WARNING * * *
The quokka twitches its whiskers.
You barely miss something.
You hear some strange, mumbled words.
A puff of flame appears from out of thin air!
The puff of flame misses you. Something hits you!
You die...

####....
#.......
#...?...
#......# #
#......# ≈ ≈ .
#......# J≈
≈(.. #......#
≈≈≈ ≈≈≈.
#......# .@≈h
≈...
#.....@##..≈h≈
≈
######.{hh.≈≈≈
#.##r.≈≈≈ #.#
≈.≈. #.# .≈.
#.# #. #.# #.#
#.# #####


You could see a quokka and 2 jackals.

Vanquished Creatures
  Jessica (D:2)
  An adder (D:2)
  2 worms (D:2)
  10 bats
  A giant cockroach (D:1)
  9 goblins
  2 hobgoblins (D:1)
  4 jackals (D:1)
  A ball python (D:2)
  6 frilled lizards
  2 kobolds (D:1)
  A quokka skeleton (D:2)
  8 rats
48 creatures vanquished.

Vanquished Creatures (others)
  3 toadstools (D:2)
3 creatures vanquished.

Grand Total: 51 creatures vanquished

Notes
Turn   | Place    | Note
-------+----------+-------------------------------------------
     0 | D:1      | Kuinu the Draconian Berserker began the quest for the Orb.
     0 | D:1      | Reached XP level 1. HP: 19/19 MP: 1/1
   103 | D:1      | Reached XP level 2. HP: 11/26 MP: 2/2
   785 | D:1      | Reached ** piety under Trog
  1019 | D:1      | Reached XP level 3. HP: 31/33 MP: 3/3
  1201 | D:2      | Noticed Jessica
  1206 | D:2      | Killed Jessica
  1392 | D:2      | Noticed Sigmund
  1410 | D:2      | HP: 1/33 [something (11)]
  1607 | D:2      | Reached XP level 4. HP: 35/40 MP: 4/4
  1879 | D:2      | HP: 1/41 [something (11)]
  1880 | D:2      | Mangled by Sigmund

Levels and vault maps discovered:
D:1:      ncdulo_halloftheorcs, layout_loops_cross
D:2:      layout_basic, chequers_ecumenical_altar_island, first_ration,
          minmay_gold_behind_fungi, uniq_sigmund, uniq_jessica

Skill      XL: |  1  2  3  4 |
---------------+-------------+-----
Fighting       | 4 |  4.3
Dodging        | 3 |  3.1
Long Blades    | 4 |  4.0

Action                   |  1- 3 |  4- 6 || total
-------------------------+-------+-------++-------
Melee: Falchion          |    97 |    35 ||   132
       Tailslap          |    11 |     5 ||    16
Invok: Berserk           |     3 |     1 ||     4
       Trog's Hand       |       |     1 ||     1
  Use: Scroll            |     4 |       ||     4
       Potion            |     1 |       ||     1
  Eat: Chunk             |     4 |       ||     4
       Ration            |     1 |       ||     1
Armor: Skin              |    35 |     7 ||    42
Dodge: Dodged            |    94 |    12 ||   106
       Rpst.: Falchion   |    25 |     1 ||    26

Table legend:
 A = Non-vault XP
 B = Vault XP
 C = Vault XP percentage of total XP
 D = Non-vault monster count
 E = Vault monster count
 F = Vault count percentage of total count
                 A         B        C        D         E       F
            +---------+---------+-------+---------+---------+-------
      Total |      89 |      37 |  29.4 |      47 |       1 |   2.1
            +---------+---------+-------+---------+---------+-------
        D:1 |      42 |       0 |   0.0 |      28 |       0 |   0.0
        D:2 |      47 |      37 |  44.0 |      19 |       1 |   5.0
            +---------+---------+-------+---------+---------+-------
